AoeStats
← Rey_Filosofo1312

Enclosed

505805488Analyzed
1v1 RM · 21d ago on Sep 11, 2026· 40m 5s· 2 players
Game mode
Random Map
Map size
Tiny (2 player)
Population
200
Speed
Normal
Resources
Standard
Victory
Conquest
Starting age
Dark Age
Ending age
Imperial Age
RankedLock teamsTeams togetherTeam positionsShared explorationLock speedFull tech treeHidden civsTurbo modeCheats
Victory
Defeat
🇺🇸 Armenians · United States
888
+14
🇨🇱 Lithuanians · Chile
853
-14
Rey_Filosofo1312
10:44 Feudal Age
11:13 Double-Bit Axe
24:58 Castle Age
26:31 Wheelbarrow
33:37 Hand Cart
33:35 Elite Skirmisher
34:48 Fletching
36:00 Bodkin Arrow
Vk_Kellen
8:37 Loom
10:31 Feudal Age
11:30 Man-at-Arms
13:25 Double-Bit Axe
13:14 Long Swordsman
14:11 Arson
18:07 Scale Mail Armor
18:25 Forging
21:15 Horse Collar
21:23 Double-Bit Axe
21:58 Town Watch
28:10 Castle Age
26:31 Gold Mining
28:41 Pikeman
29:52 Chain Mail Armor
30:12 Iron Casting
28:59 Pikeman
31:56 Two-Handed Swordsman
35:08 Bow Saw
35:09 Heavy Plow
35:49 Gambesons
40:04 Imperial Age
38:21 Squires
40:08 Sanctity
Connection lost

Rejoining the realm…

Still unreachable

The connection could not be restored.

Session expired

The server has moved on; the page needs a fresh start.